 Dungeon Crawl Stone Soup version 0.18.1-47-g9310371 (webtiles) character file.

2004 rftp080 the Basher (level 9, -3/88 HPs)
             Began as a Troll Fighter on June 20, 2016.
             Was a Priest of Makhleb.
             Slain by an ogre
             ... wielding a +0 giant club
              (7 damage)
             ... on level 6 of the Dungeon.
             The game lasted 00:10:56 (4444 turns).

rftp080 the Basher (Troll Fighter)                  Turns: 4444, Time: 00:10:56

Health: -3/88      AC:  6    Str: 26    XL:     9   Next: 2%
Magic:  8/8        EV: 10    Int:  9    God:    Makhleb [***...]
Gold:   307        SH:  0    Dex:  9    Spells: 0 memorised, 8 levels left

rFire  . . .     SeeInvis .     z - +0 giant spiked club
rCold  . . .     Gourm    +     b - +1 robe
rNeg   . . .     Faith    .     (shield currently unavailable)
rPois  +         Spirit   .     (helmet restricted)
rElec  .         Dismiss  .     (no cloak)
rCorr  .         Reflect  .     (gloves unavailable)
SustAt .         Harm     .     (boots unavailable)
MR     .....                    x - amulet of regeneration
Stlth  +.........               j - ring of poison resistance
                                B - +2 ring of intelligence

@: not resistant to hostile enchantments, very unstealthy
A: unfitting armour, claws 3, fast metabolism 3, gourmand, regeneration 2,
shaggy fur 1, tough skin 2
a: Minor Destruction, Lesser Servant of Makhleb, Renounce Religion


You were on level 6 of the Dungeon.
You worshipped Makhleb.
Makhleb was most pleased with you.
You were completely stuffed.

You visited 1 branch of the dungeon, and saw 6 of its levels.

You collected 307 gold pieces.

Inventory:

Hand Weapons
 a - a +0 flail
 z - a +0 giant spiked club (weapon)
 E - a +1 dire flail
Missiles
 d - 7 tomahawks (quivered)
 u - 21 poisoned needles
 v - 133 stones
 y - 33 sling bullets
Armour
 b - a +1 robe (worn)
 c - a +0 shield
Jewellery
 j - a ring of poison resistance (right claw)
 m - an uncursed ring of resist corrosion
 x - an amulet of regeneration (around neck)
 B - a +2 ring of intelligence (left claw)
Wands
 o - a wand of digging (11/24)
Scrolls
 e - 3 scrolls of remove curse
 i - a scroll of magic mapping {unknown}
 l - 2 scrolls of amnesia
 n - 3 scrolls of identify
 t - a scroll of teleportation
Potions
 k - a potion of curing {unknown}
 p - a potion of ambrosia {unknown}
 q - a potion of resistance {unknown}
 r - a potion of degeneration {unknown}
 s - a potion of berserk rage {unknown}
 C - 3 potions of flight
 F - 3 potions of heal wounds
 H - a potion of invisibility {unknown}
Comestibles
 f - 7 bread rations
 g - a beef jerky
 h - 2 meat rations
 w - a chunk of flesh
 I - 2 fruits
 J - a slice of pizza


   Skills:
 + Level 5.3 Fighting
 * Level 9.6 Maces & Flails
 - Level 2.4 Dodging
 - Level 2.6 Shields


You had 8 spell levels left.
You didn't know any spells.

Dungeon Overview and Level Annotations

Branches:
Dungeon (6/15)             Temple (0/1) D:5

Altars:
Makhleb
Ru
Sif Muna
Trog
Yredelemnul
Zin


Innate Abilities, Weirdness & Mutations

You are too large for most types of armour.
You have claws for hands.
Your metabolism is lightning-fast.
You like to eat raw meat.
You heal very quickly.
You are covered in fur (AC +1).
You have very tough skin (AC +2).


Message History

You hit the ogre but do no damage. The ogre hits you with a giant club!
You barely miss the ogre. The ogre closely misses you.
You closely miss the ogre. The ogre hits you but does no damage.
You barely miss the ogre.
The ogre hits you with a giant club!! x2
You puncture the ogre!
The ogre is heavily wounded.
The ogre hits you with a giant club!
* * * LOW HITPOINT WARNING * * *
You barely miss the ogre.
The ogre is heavily wounded.
The ogre barely misses you.
You hit the ogre.
The ogre is severely wounded.
The ogre hits you with a giant club!
* * * LOW HITPOINT WARNING * * *
Unknown command.
You puncture the ogre!
The ogre is almost dead.
The ogre hits you with a giant club!
You die...

#....#...........#...
#....#...........+...
#....#...........#...
#....#...........#...
#....#...........#...
#....'...........#...
#######...........#'##
#.......########......
#....@..# #......
#...O...# #......
#.......# #......
+.......# #......
#.......# #......
#........ #......
#........# #......
+........+ #......
#......


You could see an ogre.

Vanquished Creatures
  The ghost of LinoAlbertino the Quickloader, a novice KoHu of Gozag (D:5)
  Sigmund (D:5)
  Menkaure (D:6)
  2 orc warriors (D:5)
  A phantom (D:4)
  An ogre (D:6)
  2 giant frogs
  Blork the orc (D:4)
  A gnoll sergeant (D:5)
  A scorpion (D:4)
  A howler monkey (D:6)
  3 orc priests
  A hound (D:4)
  6 orc wizards
  A giant frog skeleton (D:6)
  An iguana (D:5)
  Natasha (thrice) (D:2)
  2 worker ants
  A worker ant zombie (D:5)
  9 gnolls
  2 adders
  4 worms
  A dart slug (D:1)
  2 giant geckos
  14 orcs
  3 ball pythons
  4 giant cockroaches
  6 goblins
  7 hobgoblins
  11 jackals
  9 kobolds
  4 quokkas
  7 bats
  A giant newt (D:2)
  A jackal skeleton (D:4)
  A jackal zombie (D:5)
  13 rats
130 creatures vanquished.

Vanquished Creatures (others)
  An orc wizard (D:3)
1 creature vanquished.

Grand Total: 131 creatures vanquished

Notes
Turn   | Place    | Note
--------------------------------------------------------------
     0 | D:1      | rftp080 the Troll Fighter began the quest for the Orb.
     0 | D:1      | Reached XP level 1. HP: 22/22 MP: 0/0
   119 | D:1      | Reached skill level 2 in Maces & Flails
   179 | D:1      | Reached XP level 2. HP: 26/29 MP: 1/1
   827 | D:2      | Reached XP level 3. HP: 22/36 MP: 2/2
   837 | D:2      | Reached skill level 3 in Maces & Flails
   910 | D:2      | Found a basalt altar of Yredelemnul.
  1150 | D:2      | Found a burning altar of Makhleb.
  1155 | D:2      | Became a worshipper of Makhleb the Destroyer
  1160 | D:2      | Noticed Natasha
  1165 | D:2      | Killed Natasha
  1166 | D:2      | Found a glowing silver altar of Zin.
  1169 | D:2      | Reached XP level 4. HP: 34/44 MP: 3/3
  1298 | D:2      | Noticed Natasha
  1304 | D:2      | HP: 2/44 [shadow imp/nerve-wracking pain[Natasha] (14)]
  1306 | D:2      | Killed Natasha
  1306 | D:2      | Reached skill level 4 in Maces & Flails
  1579 | D:2      | Noticed Natasha
  1594 | D:2      | Killed Natasha
  1594 | D:2      | Reached XP level 5. HP: 50/50 MP: 4/4
  1789 | D:3      | Reached * piety under Makhleb
  2118 | D:3      | Found a deep blue altar of Sif Muna.
  2407 | D:3      | Reached skill level 5 in Maces & Flails
  2673 | D:3      | HP: 1/50 [orc wizard/magic dart (8)]
  2778 | D:4      | Reached ** piety under Makhleb
  2790 | D:4      | Found a sacrificial altar of Ru.
  2821 | D:4      | Noticed Blork the orc
  2832 | D:4      | Killed Blork the orc
  2832 | D:4      | Reached XP level 6. HP: 43/59 MP: 5/5
  2894 | D:4      | Found a bloodstained altar of Trog.
  2994 | D:4      | Reached skill level 6 in Maces & Flails
  3111 | D:4      | Reached XP level 7. HP: 62/67 MP: 6/6
  3325 | D:5      | Entered Level 5 of the Dungeon
  3345 | D:5      | Found a staircase to the Ecumenical Temple.
  3349 | D:5      | Noticed LinoAlbertino's ghost (novice KoHu)
  3382 | D:5      | Killed LinoAlbertino's ghost
  3382 | D:5      | Reached skill level 7 in Maces & Flails
  3470 | D:5      | Reached XP level 8. HP: 78/78 MP: 7/7
  3664 | D:5      | Noticed Sigmund
  3716 | D:4      | Reached skill level 8 in Maces & Flails
  4090 | D:5      | Killed Sigmund
  4168 | D:6      | Reached skill level 5 in Fighting
  4168 | D:6      | Reached skill level 9 in Maces & Flails
  4204 | D:6      | Found a burning altar of Makhleb.
  4280 | D:6      | Reached *** piety under Makhleb
  4395 | D:6      | Noticed Menkaure
  4399 | D:6      | Killed Menkaure
  4399 | D:6      | Reached XP level 9. HP: 88/88 MP: 8/8
  4443 | D:6      | HP: 2/88 [ogre/giant club (15)]
  4444 | D:6      | Slain by an ogre

Skill      XL: |  1  2  3  4  5  6  7  8 |
---------------+-------------------------+-----
Maces & Flails | 2 3 4 5 6 7 9 |  9.6
Fighting       | 3 4 5 |  5.3
Dodging        | |  2.4
Shields        | |  2.6

Action                   |  1- 3 |  4- 6 |  7- 9 || total
-------------------------+-------+-------+-------++-------
Melee: Flail             |   111 |   157 |       ||   268
       Dire flail        |       |    51 |   201 ||   252
       Giant spiked club |       |       |    13 ||    13
Throw: Tomahawk          |       |     4 |     3 ||     7
  Use: Scroll            |     1 |       |     9 ||    10
       Potion            |       |     1 |       ||     1
 Stab: Sleeping          |     2 |     3 |     3 ||     8
  Eat: Chunk             |    16 |    19 |    13 ||    48
Armor: Robe              |    39 |    69 |    69 ||   177
Dodge: Dodged            |    62 |   102 |   109 ||   273
Block: Shield            |    65 |   106 |       ||   171
